 Dungeon Crawl Stone Soup version 0.20.1-1-g8b1a95d (webtiles) character file.

27 Jannitor the Vexing (level 2, 0/19 HPs)
             Began as a Demonspawn Enchanter on Sept 4, 2017.
             Slain by a goblin (1 damage)
             ... on level 1 of the Dungeon.
             The game lasted 00:01:35 (1117 turns).

Jannitor the Vexing (Demonspawn Enchanter)          Turns: 1117, Time: 00:01:36

Health: 0/19       AC:  2    Str:  8    XL:     2   Next: 93%
Magic:  1/5        EV: 12    Int: 16    God:
Gold:   21         SH:  6    Dex: 16    Spells: 2/5 levels left

rFire    . . .     SeeInvis .   a - +1 dagger
rCold    . . .     Gourm    .   (no shield)
rNeg     . . .     Faith    .   b - +0 robe
rPois    .         Spirit   .   (no helmet)
rElec    .         Reflect  +   (no cloak)
rCorr    .         Harm     .   (no gloves)
MR       .....                  (no boots)
Stlth    ++........             g - +6 amulet of reflection
Regen    0.1/turn               f - +3 ring of dexterity (curse)
MPRegen  0.1/turn               (no ring)

@: no status effects
A: claws 1
a: no special abilities


You were on level 1 of the Dungeon.
You were hungry.

You visited 1 branch of the dungeon, and saw 1 of its levels.

You collected 21 gold pieces.

Inventory:

Hand Weapons
 a - a +1 dagger (weapon)
Armour
 b - a +0 robe (worn)
Jewellery
 f - a cursed +3 ring of dexterity (left claw)
 g - a +6 amulet of reflection (around neck)
Scrolls
 e - 2 scrolls of remove curse {unknown}
 h - a scroll of teleportation {unknown}
 j - 3 scrolls of identify {unknown}
 k - a scroll of recharging {unknown}
 l - a scroll of fog {unknown}
Potions
 i - a potion of cancellation
Books
 c - a book of Maledictions

   Spells                             Type                      Level
   a - Corona                         Hexes                        1
   b - Ensorcelled Hibernation        Hexes/Ice                    2
   c - Confuse                        Hexes                        3
   d - Tukima's Dance                 Hexes                        3
   e - Dazzling Spray                 Conjuration/Hexes            3
Comestibles
 d - a bread ration


   Skills:
 + Level 1.3 Short Blades
 - Level 1.7 Dodging
 + Level 3.1 Stealth
 - Level 2.0 Spellcasting
 + Level 3.5 Hexes


You had 2 spell levels left.
You knew the following spells:

 Your Spells              Type           Power        Failure   Level  Hunger
a - Corona                Hex            ##.....      4%          1    #......
b - Ensorcelled Hibernat  Hex/Ice        #.....       16%         2    ###....


Dungeon Overview and Level Annotations

Branches:
Dungeon (1/15)

Altars:


Innate Abilities, Weirdness & Mutations

You have sharp fingernails.


Message History

Casting: Ensorcelled Hibernation
Confirm with . or Enter, or press ? or * to list all spells.
Okay, then.
Unknown command.
You hit the bat.
You kill the bat!
You barely miss the goblin. The goblin hits you with a club.
* * * LOW HITPOINT WARNING * * *
Casting: Ensorcelled Hibernation
Confirm with . or Enter, or press ? or * to list all spells.
Aiming: Ensorcelled Hibernation
Press: ? - help, Shift-Dir - straight line, f - goblin
Aim: a goblin, wielding a club (chance to defeat MR: 56%)
The goblin looks drowsy...
The helpless goblin fails to defend itself.
You puncture the goblin!
You kill the goblin!
It was a potion of cancellation.
You feel magically purged. The goblin hits you.
You die...

#.#.....#♣♣♣.♣♣♣.♣.♣..♣.
#.......#♣..♣.♣♣♣.♣♣...♣
######..#♣.♣♣...♣.♣..♣..
#....#♣..♣♣♣♣.♣♣..♣..
#.#..#♣♣♣(.♣..♣.♣..♣.
#....#♣..♣♣♣.♣♣.♣♣...
###..#♣<..♣♣...♣♣..♣.
#..#♣♣♣♣♣♣♣♣♣♣♣♣♣♣♣
#.@################
#.g...............)
#.################# #.#
#.# #.# . #)# ...
######'###.(...
#..............


You could see a goblin.

Vanquished Creatures
  3 dart slugs (D:1)
  3 leopard geckos (D:1)
  4 bats (D:1)
  A goblin (D:1)
  2 hobgoblins (D:1)
  A frilled lizard (D:1)
  2 kobolds (D:1)
  2 rats (D:1)
18 creatures vanquished.

Notes
Turn   | Place    | Note
-------+----------+-------------------------------------------
     0 | D:1      | Jannitor the Demonspawn Enchanter began the quest for the Orb.
     0 | D:1      | Reached XP level 1. HP: 13/13 MP: 3/3
    22 | D:1      | Reached skill level 1 in Short Blades
   477 | D:1      | Gained mutation: You have sharp fingernails. [demonic ancestry]
   477 | D:1      | Reached XP level 2. HP: 11/19 MP: 5/5
   938 | D:1      | Learned a level 2 spell: Ensorcelled Hibernation
  1117 | D:1      | Slain by a goblin

Skill      XL: |  1  2 |
---------------+-------+-----
Short Blades   | 1 |  1.3
Stealth        | 3 |  3.1
Dodging        | |  1.7
Spellcasting   | |  2.0
Hexes          | |  3.5

Action                   || total
-------------------------++-------
Melee: Dagger            ||    77
 Cast: Corona            ||     2
       Ensorcelled Hiber ||     3
  Use: Potion            ||     1
 Stab: Sleeping          ||     5
Armor: Robe              ||    12
Dodge: Dodged            ||    39
Block: Other             ||    16
